6 Carrier all in.
12 | 0:00 | | |
13 | 0:13 | | |
14 | 0:17 | | |
14 | 0:25 | | |
15 | 0:28 | | |
15 | 0:37 | | |
16 | 0:44 | | |
16 | 0:49 | | Pull probes to Gas |
17 | 0:53 | | |
17 | 1:01 | | |
18 | 1:13 | | Pull probes to Gas |
19 | 1:25 | | |
20 | 1:30 | | |
20 | 1:36 | | |
23 | 1:40 | | |
21 | 1:48 | | |
22 | 2:04 | | |
23 | 2:05 | | |
23 | 2:20 | | |
23 | 2:24 | | |
24 | 2:34 | | |
24 | 2:50 | | |
24 | 2:52 | | |
24 | 3:10 | | pull 10 workers from Main to Natural |
24 | 3:31 | | |
25 | 3:33 | | |
27 | 3:40 | | Pull 5 probes to Gas |
29 | 3:44 | | Carrier 1 |
35 | 3:54 | | Chrono Carrier 1 |
35 | 3:55 | | |
37 | 3:56 | | |
37 | 4:15 | | Chrono Carrier 1 |
37 | 4:32 | | Carrier 2 |
43 | 4:33 | | Carrier 3 |
49 | 4:36 | | Chrono Carrier 2 |
49 | 4:38 | | |
49 | 4:45 | | Chrono Carrier 2 |
49 | 5:02 | | |
49 | 5:05 | | Chrono Carrier 2 |
49 | 5:15 | | Carrier 4 |
55 | 5:25 | | Chrono Carrier 4 |
55 | 5:36 | | Carrier 5 |
61 | 5:37 | | |
61 | 5:45 | | Chrono Carrier 4, Chrono AirArmor |
61 | 5:58 | | Carrier 6 |
67 | 6:05 | | Chrono Carrier 6, Chrono AirArmor |
67 | 6:25 | | Chrono Carrier 6, Chrono AirArmor |